 Dungeon Crawl Stone Soup version 0.30-a0-339-g89bb51ec76 (webtiles) character file.

Game seed: 9210286724285529519

331 zishaf the Sneak (level 6, -2/34 HPs)
             Began as a Vine Stalker Brigand on Oct 31, 2022.
             Slain by a kobold brigand
             ... wielding a +0 whip
              (3 damage)
             ... on level 4 of the Dungeon.
             The game lasted 00:05:46 (2679 turns).

zishaf the Sneak (Vine Stalker Brigand)             Turns: 2679, Time: 00:05:47

Health: -2/34      AC:  8    Str: 14    XL:     6   Next: 51%
Magic:  0/7        EV: 10    Int: 11    God:
Gold:   192        SH:  0    Dex: 17    Spells: 5/5 levels left

rFire   . . .      SeeInvis .    a - +5 dagger (freeze)
rCold   . . .      Faith    .    (no shield)
rNeg    + . .      Spirit   +    g - +0 ring mail
rPois   .          Reflect  .    q - +0 helmet
rElec   .          Harm     .    c - +0 cloak
rCorr   .          Rampage  .    (no gloves)
Will    .....                    b - +0 pair of boots
Stlth   ++........               (no amulet)
HPRegen 1.05/turn                v - ring of positive energy
MPRegen 0.10/turn                (no ring)

@: lethally poisoned (-2 -> -2)
A: fangs 2, regeneration 1, magic shield, antimagic bite, no potion heal 2
a: no special abilities


You were on level 4 of the Dungeon.
You visited 2 branches of the dungeon, and saw 5 of its levels.

You collected 192 gold pieces.

Inventory:

Hand Weapons
 a - a +5 dagger of freezing (weapon)
 p - a +2 dagger
Missiles
 d - 16 poisoned darts (quivered)
 e - 3 curare-tipped darts
Armour
 b - a +0 pair of boots (worn)
 c - a +0 cloak (worn)
 g - a +0 ring mail (worn)
 q - a +0 helmet (worn)
Jewellery
 v - a ring of positive energy (left hand)
Wands
 o - a wand of flame (19)
Scrolls
 j - a scroll of fear
 m - 2 scrolls of teleportation
Potions
 f - 2 potions of invisibility {unknown}
 h - a potion of might {unknown}
 i - a potion of haste {unknown}
 k - 4 potions of curing
 l - a potion of resistance {unknown}
 n - a potion of attraction {unknown}
 r - a potion of mutation {unknown}
 u - 2 potions of brilliance


   Skills:
 + Level 4.3 Fighting
 + Level 4.3 Short Blades
 - Level 2.0 Throwing
 - Level 1.0 Dodging
 - Level 5.0 Stealth


You had 5 spell levels left.
You didn't know any spells.
Your spell library contained the following spells:

 Spells                   Type           Power      Damage    Failure   Level
 Gell's Gravitas          Tloc           0%         N/A       91%         3
 Lesser Beckoning         Tloc           0%         N/A       91%         3
 Summon Guardian Golem    Hex/Summ       0%         N/A       91%         3
 Teleport Other           Tloc           0%         N/A       91%         3
 Tukima's Dance           Hex            0%         N/A       91%         3
 Passage of Golubria      Tloc           0%         N/A       100%        4
 Yara's Violent Unravell  Hex/Tmut       0%         3d3       100%        5
 Orb of Destruction       Conj           0%         9d5       100%        7
 Spellforged Servitor     Conj/Summ      0%         N/A       100%        7


Dungeon Overview and Level Annotations

Branches:
Dungeon (4/15)             Temple (1/1) D:4

Altars:
Ashenzari
Dithmenos
Elyvilon
Fedhas
Hepliaklqana
Kikubaaqudgha
Makhleb
Qazlal
Ru
Sif Muna
Trog
Wu Jian

Annotations:
D:3 Natasha
D:4 1 runed translucent door


Innate Abilities, Weirdness & Mutations

You have extremely sharp teeth.
Your natural rate of healing is unusually fast.
When hurt, damage is shared between your health and your magic reserves.
Your bite disrupts and absorbs the magic of your enemies.
Potions cannot restore your health.


Message History

The kobold brigand hits you with a +0 whip.
The goblin hits you but does no damage.
You puncture the water moccasin!
The water moccasin seems to slow down.
You freeze the water moccasin. Your bite misses the water moccasin.
The water moccasin is severely wounded.
You feel sick. The water moccasin bites you.
You hit the water moccasin but do no damage.
Your bite misses the water moccasin.
The water moccasin is severely wounded.
You feel sick.
The goblin hits you with a +0 broad axe.
The kobold brigand hits you with a +0 whip.
The water moccasin bites you but does no damage.
You miss the water moccasin. Your bite misses the water moccasin.
The water moccasin is severely wounded.
You feel sick. The kobold brigand barely misses you. The goblin misses you.
The water moccasin bites you.
* * * LOW HITPOINT WARNING * * *
Unknown command.
You hit the water moccasin. You freeze the water moccasin.
You bite the water moccasin. You drain its power.
You feel invigorated.
The water moccasin is almost dead.
You feel sick.
The kobold brigand hits you with a +0 whip.
The goblin hits you with a +0 broad axe.
* * * LOW HITPOINT WARNING * * *
Press: ? - help, v - describe, . - travel
Here: a goblin, wielding a +0 broad axe The floor.
You closely miss the water moccasin. Your bite misses the water moccasin.
The water moccasin is almost dead.
You feel sick. The water moccasin bites you.
* * * LOW HITPOINT WARNING * * *
You hit the water moccasin.
The water moccasin seems to slow down.
You freeze the water moccasin.
You kill the water moccasin!
* * * LOW HITPOINT WARNING * * *
You feel sick.
The kobold brigand hits you with a +0 whip.
You die...

##.... ...... # ##
....... ...... #.#.
....... ...##.
......#.##.....# ..##
............... # .##
#............##.#
...?...##....##...)....!
....##.. #....#K....>..#
....##..##......@....##
....#....##...>.Og....##
.......................#
..................#.....
.................##..###
..........(..##........
..................#.....
........................
....#...............#.


You could see a kobold brigand, an ogre and a goblin.

Vanquished Creatures
  The ghost of OstrichLN the Cudgeller, an amateur DsGl of Cheibriados (D:4)
  A water moccasin (D:4)
  Natasha (D:3)
  Robin (D:2)
  4 gnolls (D:2)
  2 adders (D:3)
  3 worms
  3 dart slugs
  An orc (D:3)
  10 endoplasms
  10 hobgoblins
  3 jackals (D:1)
  5 kobolds
  7 quokkas
  6 ball pythons
  4 bats
  3 frilled lizards
  13 goblins
  6 rats
84 creatures vanquished.

Vanquished Creatures (collateral kills)
  An adder (D:4)
  2 rats (D:4)
3 creatures vanquished.

Grand Total: 87 creatures vanquished

Notes
Turn   | Place    | Note
-------+----------+-------------------------------------------
     0 | D:1      | zishaf the Vine Stalker Brigand began the quest for the
                  | Orb.
     0 | D:1      | Reached XP level 1. HP: 11/11 MP: 2/2
    80 | D:1      | Reached skill level 1 in Dodging
    80 | D:1      | Reached XP level 2. HP: 15/15 MP: 3/3
    98 | D:1      | Reached skill level 5 in Stealth
   323 | D:1      | Reached XP level 3. HP: 18/18 MP: 4/4
   643 | D:2      | Noticed Robin
   731 | D:2      | Gained mutation: Your natural rate of healing is unusually
                  | fast. [Vine Stalker growth]
   731 | D:2      | Reached XP level 4. HP: 23/23 MP: 5/5
  1004 | D:2      | Killed Robin
  1695 | D:3      | Reached XP level 5. HP: 28/28 MP: 6/6
  1706 | D:3      | Noticed Natasha
  1719 | D:3      | Killed Natasha
  1789 | D:3      | Found a faded altar of an unknown god.
  1890 | D:3      | Noticed Natasha
  2447 | D:4      | Found a staircase to the Ecumenical Temple.
  2459 | Temple   | Entered the Ecumenical Temple
  2504 | D:4      | Found a runed translucent door.
  2504 | D:4      | Noticed OstrichLN's ghost (amateur DsGl)
  2538 | D:4      | Killed OstrichLN's ghost
  2539 | D:4      | Reached XP level 6. HP: 15/33 MP: 1/7
  2555 | D:4      | Found a runed translucent door.
  2561 | D:4      | Noticed a water moccasin
  2678 | D:4      | HP: 1/34 [water moccasin (3)]
  2679 | D:4      | Killed a water moccasin
  2679 | D:4      | Slain by a kobold brigand

Illustrated notes

Levels and vault maps discovered:
D:1:      lightli_arrival_boilingwater, layout_rooms,
          hangedman_decor_clover_reticule, dk_noncrumbling_3
D:2:      layout_basic, uniq_robin
D:3:      layout_basic, dreamdust_ecumenical_altar_angels_and_demons,
          uniq_natasha
D:4:      layout_cave_pools, zin_angel, minmay_temple_entry_crystal_x,
          ebering_ghost_sewer_f
Temple:   nicolae_temple_no_exploring_needed

Skill      XL: |  1  2  3  4  5 |
---------------+----------------+-----
Dodging        | 1 |  1.0
Short Blades   | 2 3 4 |  4.3
Throwing       | 2 |  2.0
Stealth        | 5 |  5.0
Fighting       | 2 3 4 |  4.3

Action                   |  1- 3 |  4- 6 || total
-------------------------+-------+-------++-------
Melee: Dagger            |    67 |   133 ||   200
       Bite              |    13 |    38 ||    51
       Punch             |       |     1 ||     1
Throw: Dart              |     9 |     8 ||    17
  Use: Scroll            |       |     8 ||     8
 Stab: Sleeping          |     7 |     9 ||    16
Armor: Leather armour    |     3 |       ||     3
       Ring mail         |    24 |    36 ||    60
Dodge: Dodged            |    38 |    40 ||    78

Table legend: (Time is in decaauts)
 A = Elapsed time spent in this place.
 B = Non-inter-level travel time spent in this place.
 C = Inter-level travel time spent in this place.
 D = Time resting spent in this place.
 E = Time spent auto-exploring this place.
 F = Levels seen in this place.
 G = Mean time per level.
                   A        B        C        D        E       F      G
               +--------+--------+--------+--------+--------+-----+--------+
         Total |   2656 |   2436 |    220 |    100 |   1590 |   5 |  531.2 |
       Dungeon |   2654 |   2434 |    220 |    100 |   1590 |   4 |  663.5 |
        Temple |      1 |      1 |      0 |      0 |      0 |   1 |    1.0 |
               +--------+--------+--------+--------+--------+-----+--------+

Top non-repeatable levels by time:
     D:1: 851 daAuts
     D:2: 816 daAuts
     D:3: 756 daAuts
     D:4: 228 daAuts
  Temple: 1 daAuts
